IL
SCRANTON WB RAILRIDERS @ FRESNO GRIZZLIES
08/19/2046
 
TOP OF THE 1ST
Scranton WB RailRiders batting - Pitching for Fresno Grizzlies : RHP Salisbury Swanson
Pitching: RHP Salisbury Swanson
Batting: RHB Devon Utley 0-0: Foul Ball, location: 2F
0-1: Foul Ball, location: 2F
0-2: Foul Ball, location: 2F
0-2: Ground out 5-3 (Groundball, 56, EV 103.1 MPH)
Batting: RHB Bobby Melillo 0-0: Fly out, F9 (Flyball, 9LS, EV 91.9 MPH)
Batting: SHB Mukhtar Wa'il 0-0: Called Strike
0-1: Called Strike
0-2: Foul Ball, location: 2F
0-2: Strikes out swinging
Top of the 1st over - 0 runs, 0 hits, 0 errors, 0 left on base; Scranton WB 0 - Fresno 0
BOTTOM OF THE 1ST
Fresno Grizzlies batting - Pitching for Scranton WB RailRiders : RHP Andres Galindo
Pitching: RHP Andres Galindo
Batting: RHB Ben Hoffman 0-0: Ball
1-0: Called Strike
1-1: Called Strike
1-2: Strikes out swinging
Batting: LHB Chris Cabrera 0-0: Foul Ball, location: 2F
0-1: Foul Ball, location: 2F
0-2: Ball
1-2: Foul Ball, location: 2F
1-2: Ball
2-2: Foul Ball, location: 2F
2-2: Ball
3-2: Foul Ball, location: 2F
3-2: Base on Balls
Batting: RHB Ramon Castellon 0-0: Ball
1-0: Ball
2-0: Called Strike
2-1: Fielders Choice at 2nd, 5-4 (Groundball, 56, EV 108.1 MPH)
Batting: LHB Bob Myers 0-0: Ball
1-0: Ball
2-0: Ball
3-0: Base on Balls
Ramon Castellon to second
Batting: RHB Paul Shell 0-0: Swinging Strike
0-1: Foul Ball, location: 2F
0-2: Foul Ball, location: 2F
0-2: Ball
1-2: Foul Ball, location: 2F
1-2: Strikes out swinging
Bottom of the 1st over - 0 runs, 0 hits, 0 errors, 2 left on base; Scranton WB 0 - Fresno 0
TOP OF THE 2ND
Scranton WB RailRiders batting - Pitching for Fresno Grizzlies : RHP Salisbury Swanson
Batting: RHB Scott King 0-0: Ball
1-0: Foul Ball, location: 2F
1-1: Ball
2-1: Foul Ball, location: 2F
2-2: Ball
3-2: Foul Ball, location: 2F
3-2: DOUBLE (Line Drive, 8LXD, EV 107.5 MPH)
Batting: LHB Jose Lebron 0-0: Ball
1-0: Ball
2-0: Ball
3-0: Called Strike
3-1: Base on Balls
Batting: LHB Aaron Joyner 0-0: Foul Ball, location: 2F
0-1: Ball
1-1: Foul Ball, location: 2F
1-2: Ball
2-2: Strikes out swinging
Batting: SHB Edwin Dominguez 0-0: Called Strike
0-1: Foul Ball, location: 2F
0-2: Foul Ball, location: 2F
0-2: Strikes out swinging
Batting: SHB Joe Fure 0-0: Ball
1-0: Ball
2-0: Called Strike
2-1: Ball
3-1: Swinging Strike
3-2: Strikes out swinging
Top of the 2nd over - 0 runs, 1 hit, 0 errors, 2 left on base; Scranton WB 0 - Fresno 0
BOTTOM OF THE 2ND
Fresno Grizzlies batting - Pitching for Scranton WB RailRiders : RHP Andres Galindo
Batting: RHB Edgar Trejo 0-0: Ball
1-0: Ball
2-0: Foul Ball, location: 2F
2-1: Foul Ball, location: 2F
2-2: Foul Ball, location: 2F
2-2: Ball
3-2: Fly out, F8 (Flyball, 8RD, EV 109.4 MPH)
Batting: RHB Matt Parker 0-0: Ball
1-0: Ball
2-0: Called Strike
2-1: Ground out 6-3 (Groundball, 56, EV 78.1 MPH)
Batting: LHB Daniel Lopez 0-0: Foul Ball, location: 2F
0-1: Ball
1-1: Swinging Strike
1-2: Strikes out swinging
Bottom of the 2nd over - 0 runs, 0 hits, 0 errors, 0 left on base; Scranton WB 0 - Fresno 0
TOP OF THE 3RD
Scranton WB RailRiders batting - Pitching for Fresno Grizzlies : RHP Salisbury Swanson
Batting: RHB Jordan Barragan 0-0: Swinging Strike
0-1: Ball
1-1: Swinging Strike
1-2: Ball
2-2: Ball
3-2: Strikes out looking
Batting: RHB Devon Utley 0-0: Ball
1-0: Ball
2-0: Ground out 1-3 (Groundball, 25, EV 71.2 MPH)
Batting: RHB Bobby Melillo 0-0: Called Strike
0-1: Ball
1-1: Ball
2-1: Fly out, F3 (Popup, 3SF, EV 83.1 MPH)
Top of the 3rd over - 0 runs, 0 hits, 0 errors, 0 left on base; Scranton WB 0 - Fresno 0
BOTTOM OF THE 3RD
Fresno Grizzlies batting - Pitching for Scranton WB RailRiders : RHP Andres Galindo
Batting: RHB Raul Sanchez 0-0: Ball
1-0: Ball
2-0: Called Strike
2-1: Foul Ball, location: 2F
2-2: Strikes out swinging
Batting: RHB Ben Hoffman 0-0: Called Strike
0-1: Ball
1-1: Swinging Strike
1-2: Strikes out swinging
Pitching: RHP Jim Milch
Batting: LHB Chris Cabrera 0-0: Ball
1-0: Foul Ball, location: 2F
1-1: Ball
2-1: SOLO HOME RUN (Flyball, 89XD, EV 99.4 MPH), Distance : 404 ft
Batting: RHB Ramon Castellon 0-0: Ground out 5-3 (Groundball, 56, EV 83.8 MPH)
Bottom of the 3rd over - 1 run, 1 hit, 0 errors, 0 left on base; Scranton WB 0 - Fresno 1
TOP OF THE 4TH
Scranton WB RailRiders batting - Pitching for Fresno Grizzlies : RHP Salisbury Swanson
Batting: SHB Mukhtar Wa'il 0-0: Reached on error, E6 (Groundball, 4, EV 79.4 MPH)
Batting: RHB Scott King 0-0: Ball
1-0: Ball
2-0: Swinging Strike
2-1: Fielders Choice at 2nd, 1-6 (Groundball, 13S, EV 65.0 MPH)
Batting: LHB Jose Lebron 0-0: DOUBLE (Line Drive, 89D, EV 115.0 MPH)
Scott King to third
Runner from 3rd tries for Home, SAFE, throw by RF to trailing runner, SAFE at third!
Batting: LHB Aaron Joyner 0-0: Ground out 4-3 (Groundball, 4, EV 105.6 MPH)
Jose Lebron scores
Batting: SHB Edwin Dominguez 0-0: Called Strike
0-1: SOLO HOME RUN (Flyball, 89XD, EV 99.4 MPH), Distance : 403 ft
Batting: SHB Joe Fure 0-0: Ball
1-0: Called Strike
1-1: Ball
2-1: Fly out, F6 (Popup, 6MD, EV 73.1 MPH)
Top of the 4th over - 3 runs, 2 hits, 1 error, 0 left on base; Scranton WB 3 - Fresno 1
BOTTOM OF THE 4TH
Fresno Grizzlies batting - Pitching for Scranton WB RailRiders : RHP Jim Milch
Batting: LHB Bob Myers 0-0: SOLO HOME RUN (Flyball, 9LD, EV 89.4 MPH), Distance : 341 ft
Batting: RHB Paul Shell 0-0: Ball
1-0: SINGLE (Flyball, 56D, EV 91.2 MPH)
Batting: RHB Edgar Trejo 0-0: Ball
1-0: Ball
2-0: Ball
3-0: Base on Balls
Paul Shell to second
Batting: RHB Matt Parker 0-0: Hit by Pitch
Paul Shell to third
Edgar Trejo to second
Batting: LHB Daniel Lopez 0-0: Ball
1-0: Fly out, F7 (Flyball, 7, EV 90.6 MPH)
Batting: RHB Raul Sanchez 0-0: Grounds into double play, 6-4-3 (Groundball, 6S, EV 92.5 MPH)
Bottom of the 4th over - 1 run, 2 hits, 0 errors, 2 left on base; Scranton WB 3 - Fresno 2
TOP OF THE 5TH
Scranton WB RailRiders batting - Pitching for Fresno Grizzlies : RHP Salisbury Swanson
Batting: RHB Jordan Barragan 0-0: Called Strike
0-1: Ball
1-1: Ground out 6-3 (Groundball, 6, EV 83.1 MPH)
Batting: RHB Devon Utley 0-0: Swinging Strike
0-1: Called Strike
0-2: Strikes out swinging
Batting: RHB Bobby Melillo 0-0: Called Strike
0-1: Foul Ball, location: 2F
0-2: Ground out 4-3 (Groundball, 4MD, EV 98.8 MPH)
Top of the 5th over - 0 runs, 0 hits, 0 errors, 0 left on base; Scranton WB 3 - Fresno 2
BOTTOM OF THE 5TH
Fresno Grizzlies batting - Pitching for Scranton WB RailRiders : RHP Jim Milch
Batting: RHB Ben Hoffman 0-0: Ball
1-0: Ball
2-0: Foul Ball, location: 2F
2-1: Swinging Strike
2-2: Foul Ball, location: 2F
2-2: Ball
3-2: Fly out, F8 (Flyball, 89M, EV 87.5 MPH)
Batting: LHB Chris Cabrera 0-0: Ball
1-0: Swinging Strike
1-1: Ball
2-1: Ball
3-1: Base on Balls
Batting: RHB Ramon Castellon 0-0: Foul Ball, location: 2F
0-1: Ball
1-1: Called Strike
Chris Cabrera steals 2nd base
1-2: SINGLE (Groundball, 6MD, EV 106.2 MPH)
Chris Cabrera to third
Runner from 3rd tries for Home, SAFE, throw by CF to home
Ramon Castellon to second
Pitching: LHP Jose Carmona
Batting: LHB Bob Myers 0-0: Ball
1-0: Ball
2-0: Ground out 4-3 (Groundball, 4, EV 95.0 MPH)
Ramon Castellon to third
Batting: RHB Paul Shell 0-0: Ball
1-0: Ground out 4-3 (Groundball, 4M, EV 105.6 MPH)
Bottom of the 5th over - 1 run, 1 hit, 0 errors, 1 left on base; Scranton WB 3 - Fresno 3
TOP OF THE 6TH
Scranton WB RailRiders batting - Pitching for Fresno Grizzlies : RHP Salisbury Swanson
Batting: SHB Mukhtar Wa'il 0-0: Ball
1-0: Fly out, F9 (Line Drive, 9, EV 103.8 MPH)
Batting: RHB Scott King 0-0: Ball
1-0: Foul Ball, location: 2F
1-1: Foul Ball, location: 2F
1-2: Ball
2-2: Foul Ball, location: 2F
2-2: Ball
3-2: Foul Ball, location: 2F
3-2: Fly out, F7 (Flyball, 7S, EV 94.4 MPH)
Batting: LHB Jose Lebron 0-0: Ball
1-0: Foul Ball, location: 2F
1-1: Ball
2-1: Foul Ball, location: 2F
2-2: Foul Ball, location: 2F
2-2: Strikes out swinging
Top of the 6th over - 0 runs, 0 hits, 0 errors, 0 left on base; Scranton WB 3 - Fresno 3
BOTTOM OF THE 6TH
Fresno Grizzlies batting - Pitching for Scranton WB RailRiders : LHP Jose Carmona
Batting: RHB Edgar Trejo 0-0: Called Strike
0-1: Ball
1-1: Ball
2-1: Swinging Strike
2-2: Fly out, F8 (Flyball, 8RM, EV 86.2 MPH)
Batting: RHB Matt Parker 0-0: Fly out, F8 (Flyball, 8LM, EV 91.2 MPH)
Batting: LHB Daniel Lopez 0-0: Foul Ball, location: 2F
0-1: Ball
1-1: Swinging Strike
1-2: Ball
2-2: Foul Ball, location: 2F
2-2: Foul Ball, location: 2F
2-2: Ball
3-2: Fly out, F8 (Flyball, 89M, EV 92.5 MPH)
Bottom of the 6th over - 0 runs, 0 hits, 0 errors, 0 left on base; Scranton WB 3 - Fresno 3
TOP OF THE 7TH
Scranton WB RailRiders batting - Pitching for Fresno Grizzlies : RHP Salisbury Swanson
Batting: LHB Aaron Joyner 0-0: Foul Ball, location: 2F
0-1: SINGLE (Groundball, 34D, EV 98.8 MPH)
Batting: SHB Edwin Dominguez 0-0: Called Strike
0-1: Bunt missed!
0-2: Ball
1-2: Foul Ball, location: 2F
1-2: Fielders Choice at 2nd, 3-6 (Groundball, 3, EV 91.2 MPH)
Batting: SHB Joe Fure 0-0: Ball
Edwin Dominguez steals 2nd base
1-0: Called Strike
1-1: Ball
2-1: Foul Ball, location: 2F
2-2: Ground out 6-3 (Groundball, 6M, EV 86.2 MPH)
Edwin Dominguez to third
Pitching: RHP Gerardo Huerta
Batting: RHB Jordan Barragan 0-0: Ball
1-0: Ground out 5-3 (Groundball, 56S, EV 90.6 MPH)
Top of the 7th over - 0 runs, 1 hit, 0 errors, 1 left on base; Scranton WB 3 - Fresno 3
BOTTOM OF THE 7TH
Fresno Grizzlies batting - Pitching for Scranton WB RailRiders : LHP Jose Carmona
Pitching: RHP Jake Visconti
Batting: RHB Raul Sanchez 0-0: Ground out 6-3 (Groundball, 6, EV 81.9 MPH)
Batting: RHB Ben Hoffman 0-0: Ball
1-0: Swinging Strike
1-1: Foul Ball, location: 2F
1-2: Ball
2-2: Ball
3-2: Foul Ball, location: 2F
3-2: Base on Balls
Batting: LHB Chris Cabrera 0-0: Ball
Ben Hoffman is caught stealing 2nd base 2-6
1-0: Ball
2-0: Ball
3-0: Called Strike
3-1: Called Strike
3-2: Fly out, F8 (Flyball, 8LD, EV 94.4 MPH)
Bottom of the 7th over - 0 runs, 0 hits, 0 errors, 0 left on base; Scranton WB 3 - Fresno 3
TOP OF THE 8TH
Scranton WB RailRiders batting - Pitching for Fresno Grizzlies : RHP Gerardo Huerta
Batting: RHB Devon Utley 0-0: Foul Ball, location: 2F
0-1: Ball
1-1: Foul Ball, location: 2F
1-2: Strikes out swinging
Pinch Hitting: LHB Joel Vera 0-0: Called Strike
0-1: Ball
1-1: Ball
2-1: Ball
3-1: Base on Balls
Batting: SHB Mukhtar Wa'il 0-0: Ball
1-0: Called Strike
1-1: Ball
2-1: Ball
3-1: Called Strike
Joel Vera steals 2nd base
3-2: Intentional Walk
Batting: RHB Scott King 0-0: Fly out, F8 (Flyball, 78D, EV 108.8 MPH)
Batting: LHB Jose Lebron 0-0: Called Strike
0-1: Foul Ball, location: 2F
0-2: Strikes out looking
Top of the 8th over - 0 runs, 0 hits, 0 errors, 2 left on base; Scranton WB 3 - Fresno 3
BOTTOM OF THE 8TH
Fresno Grizzlies batting - Pitching for Scranton WB RailRiders : RHP Jake Visconti
Now at 2B: Joel Vera
Pinch Hitting: LHB Zack Berney 0-0: Called Strike
0-1: Ball
1-1: Ground out 4-3 (Groundball, 4, EV 90.0 MPH)
Batting: LHB Bob Myers 0-0: Foul Ball, location: 2F
0-1: Called Strike
0-2: Foul Ball, location: 2F
0-2: Ball
1-2: SINGLE (Line Drive, 89S, EV 94.4 MPH)
Batting: RHB Paul Shell 0-0: Ball
1-0: Ball
2-0: SINGLE (Line Drive, 8RS, EV 106.2 MPH)
Bob Myers to second
Batting: RHB Edgar Trejo 0-0: Fly out, F7 (Flyball, 7LD, EV 97.5 MPH)
Batting: RHB Matt Parker 0-0: Ball
1-0: Ball
2-0: Called Strike
2-1: Fly out, F9 (Flyball, 9LM, EV 85.6 MPH)
Bottom of the 8th over - 0 runs, 2 hits, 0 errors, 2 left on base; Scranton WB 3 - Fresno 3
TOP OF THE 9TH
Scranton WB RailRiders batting - Pitching for Fresno Grizzlies : RHP Gerardo Huerta
Pitching: RHP Willie Jimenez
Now at 3B: Edgar Trejo
Now in LF: Zack Berney
Batting: LHB Aaron Joyner 0-0: Ground out 6-3 (Groundball, 6, EV 85.6 MPH)
Batting: SHB Edwin Dominguez 0-0: Ball
1-0: Called Strike
1-1: Foul Ball, location: 2F
1-2: Foul Ball, location: 2F
1-2: Strikes out swinging
Batting: SHB Joe Fure 0-0: Called Strike
0-1: Ball
1-1: Swinging Strike
1-2: Ball
2-2: Ball
3-2: Fly out, F8 (Flyball, 8LD, EV 100.6 MPH)
Top of the 9th over - 0 runs, 0 hits, 0 errors, 0 left on base; Scranton WB 3 - Fresno 3
BOTTOM OF THE 9TH
Fresno Grizzlies batting - Pitching for Scranton WB RailRiders : RHP Jake Visconti
Pitching: LHP Robert Cruz
Batting: RHB Chris Fitzgerald 0-0: Ball
1-0: Ball
2-0: Foul Ball, location: 2F
2-1: Ground out 6-3 (Groundball, 6, EV 102.5 MPH)
Batting: RHB Raul Sanchez 0-0: Called Strike
0-1: Ball
1-1: Ball
2-1: Foul Ball, location: 2F
2-2: Foul Ball, location: 2F
2-2: Foul Ball, location: 2F
2-2: Strikes out swinging
Batting: RHB Ben Hoffman 0-0: Ball
1-0: Called Strike
1-1: Swinging Strike
1-2: Foul Ball, location: 2F
1-2: Ball
2-2: Ball
3-2: Strikes out looking
Bottom of the 9th over - 0 runs, 0 hits, 0 errors, 0 left on base; Scranton WB 3 - Fresno 3
TOP OF THE 10TH
Scranton WB RailRiders batting - Pitching for Fresno Grizzlies : RHP Willie Jimenez
Pinch Hitting: LHB Dan Morris 0-0: Called Strike
0-1: SINGLE (Groundball, P, EV 83.1 MPH) (infield hit)
Batting: RHB Devon Utley 0-0: Ball
1-0: SINGLE (Groundball, P, EV 94.4 MPH) (infield hit)
Dan Morris to second
Batting: LHB Joel Vera 0-0: Ball
1-0: Sac Bunt to 15 - play at first, batter OUT! 1-4
Dan Morris to third
Devon Utley to second
Batting: SHB Mukhtar Wa'il 0-0: Intentional Walk
Batting: RHB Scott King 0-0: Called Strike
0-1: Ball
1-1: Grounds into fielders choice 5-2 (Groundball, 56, EV 84.4 MPH)
Devon Utley to third
Mukhtar Wa'il to second
Batting: LHB Jose Lebron 0-0: Ball
1-0: Ground out U3 (Groundball, 3L, EV 83.1 MPH)
Top of the 10th over - 0 runs, 2 hits, 0 errors, 3 left on base; Scranton WB 3 - Fresno 3
BOTTOM OF THE 10TH
Fresno Grizzlies batting - Pitching for Scranton WB RailRiders : LHP Robert Cruz
Now at C: Dan Morris
Batting: LHB Chris Cabrera 0-0: Ball
1-0: Ball
2-0: Called Strike
2-1: Foul Ball, location: 2F
2-2: Foul Ball, location: 2F
2-2: SINGLE (Flyball, 89S, EV 98.8 MPH)
Batting: LHB Zack Berney 0-0: Ball
1-0: Ball
2-0: Called Strike
2-1: Fielders Choice at 2nd, 6-4 (Groundball, 6MS, EV 83.8 MPH)
Batting: LHB Bob Myers 0-0: Ball
1-0: Called Strike
1-1: Called Strike
Zack Berney steals 2nd base
1-2: Fly out, F7 (Flyball, 78D, EV 95.0 MPH)
Batting: RHB Paul Shell 0-0: Ball
1-0: Foul Ball, location: 2F
1-1: Fly out, F7 (Flyball, 7, EV 83.1 MPH)
Bottom of the 10th over - 0 runs, 1 hit, 0 errors, 1 left on base; Scranton WB 3 - Fresno 3
TOP OF THE 11TH
Scranton WB RailRiders batting - Pitching for Fresno Grizzlies : RHP Willie Jimenez
Pitching: RHP Michael Bruce
Batting: LHB Aaron Joyner 0-0: Called Strike
0-1: Swinging Strike
0-2: Strikes out swinging
Batting: SHB Edwin Dominguez 0-0: Ball
1-0: Ball
2-0: Swinging Strike
2-1: Called Strike
2-2: Ball
3-2: Foul Ball, location: 2F
3-2: Foul Ball, location: 2F
3-2: Base on Balls
Batting: SHB Joe Fure 0-0: Called Strike
0-1: Foul Ball, location: 2F
0-2: Ground out U3 (Groundball, 3, EV 88.1 MPH)
Edwin Dominguez to second
Batting: LHB Dan Morris 0-0: Called Strike
0-1: Ball
1-1: Foul Ball, location: 2F
1-2: Strikes out swinging
Top of the 11th over - 0 runs, 0 hits, 0 errors, 1 left on base; Scranton WB 3 - Fresno 3
BOTTOM OF THE 11TH
Fresno Grizzlies batting - Pitching for Scranton WB RailRiders : LHP Robert Cruz
Pitching: RHP Larry Forward
Batting: RHB Edgar Trejo 0-0: Called Strike
0-1: Ground out 4-3 (Groundball, 4, EV 81.2 MPH)
Batting: RHB Matt Parker 0-0: Ball
1-0: Ball
2-0: SINGLE (Line Drive, 8LS, EV 91.9 MPH)
Batting: RHB Chris Fitzgerald 0-0: Ball
1-0: Ball
2-0: SINGLE (Groundball, 56D, EV 106.2 MPH)
Matt Parker to second
Pinch Hitting: LHB Doug Anderson 0-0: Ball
1-0: Ball
2-0: Ball
3-0: Base on Balls
Matt Parker to third
Chris Fitzgerald to second
Batting: RHB Ben Hoffman 0-0: Foul Ball, location: 2F
0-1: Ball
1-1: Foul Ball, location: 2F
1-2: Ball
2-2: Ball
3-2: Foul Ball, location: 2F
3-2: Grounds into fielders choice 1-2 (Groundball, 34S, EV 71.9 MPH)
Chris Fitzgerald to third
Doug Anderson to second
Batting: LHB Chris Cabrera 0-0: Ball
1-0: Ball
2-0: Called Strike
2-1: Ball
3-1: Called Strike
3-2: Ground out 4-3 (Groundball, 4, EV 84.4 MPH)
Bottom of the 11th over - 0 runs, 2 hits, 0 errors, 3 left on base; Scranton WB 3 - Fresno 3
TOP OF THE 12TH
Scranton WB RailRiders batting - Pitching for Fresno Grizzlies : RHP Michael Bruce
Now at C: Alex Alicea
Batting: RHB Devon Utley 0-0: Ball
1-0: Foul Ball, location: 2F
1-1: Ball
2-1: Ball
3-1: Ground out 4-3 (Groundball, 4MS, EV 66.2 MPH)
Batting: LHB Joel Vera 0-0: Ball
1-0: Ball
2-0: DOUBLE (Line Drive, 78XD, EV 106.9 MPH)
Batting: SHB Mukhtar Wa'il 0-0: Intentional Walk
Batting: RHB Scott King 0-0: Ball
1-0: Swinging Strike
1-1: Ball
2-1: Foul Ball, location: 2F
2-2: Ball
3-2: Fly out, F7 (Line Drive, 7, EV 88.1 MPH)
Batting: LHB Jose Lebron 0-0: Ball
1-0: Ball
2-0: Ball
3-0: Base on Balls
Joel Vera to third
Mukhtar Wa'il to second
Batting: LHB Aaron Joyner 0-0: Called Strike
0-1: Fly out, F7 (Flyball, 78S, EV 89.4 MPH)
Top of the 12th over - 0 runs, 1 hit, 0 errors, 3 left on base; Scranton WB 3 - Fresno 3
BOTTOM OF THE 12TH
Fresno Grizzlies batting - Pitching for Scranton WB RailRiders : RHP Larry Forward
Pitching: RHP John Robidoux
Batting: LHB Zack Berney 0-0: Called Strike
0-1: Ball
1-1: Called Strike
1-2: Foul Ball, location: 2F
1-2: Ball
2-2: Ball
3-2: Foul Ball, location: 2F
3-2: Strikes out looking
Batting: LHB Bob Myers 0-0: DOUBLE (Line Drive, 78D, EV 99.4 MPH)
Batting: RHB Paul Shell 0-0: SINGLE (Line Drive, 7LS, EV 96.2 MPH)
Bob Myers to third
Runner from 3rd tries for Home, SAFE, throw by LF to home
Bottom of the 12th over - 1 run, 2 hits, 0 errors, 1 left on base; Scranton WB 3 - Fresno 4
Tuesday, September 13th , 2022 - OOTP Baseball 23.7 Build 88